AoeStats
← WILL.I.AM

Arena

509506327Analyzed
2v2 RM · 6d ago on Sep 27, 2026· 28m 12s· 4 players
Game mode
Random Map
Map size
Medium (4 player)
Population
200
Speed
Normal
Resources
Standard
Victory
Conquest
Starting age
Dark Age
Ending age
Imperial Age
RankedLock teamsTeams togetherTeam positionsShared explorationLock speedFull tech treeHidden civsTurbo modeCheats
Victory
Defeat
🇨🇱 Celts · Chile
1215
+15
🇨🇱 Mongols · Chile
1215
+15
🇨🇱 Bulgarians · Chile
1225
-17
🇳🇿 Ethiopians · New Zealand
1154
-13
sibus
10:58 Feudal Age
12:38 Loom
15:52 Castle Age
14:40 Fletching
16:30 Bodkin Arrow
23:32 Padded Archer Armor
Jam Cat
11:45 Feudal Age
12:33 Loom
14:36 Double-Bit Axe
14:35 Horse Collar
18:22 Castle Age
17:44 Gold Mining
19:34 Bow Saw
Papá Kiskiviry
10:36 Feudal Age
10:03 Loom
14:16 Castle Age
13:01 Fletching
15:36 Bodkin Arrow
WILL.I.AM
11:19 Feudal Age
11:08 Loom
12:43 Double-Bit Axe
15:35 Castle Age
14:53 Horse Collar
16:30 Gold Mining
16:15 Crossbowman
16:51 Fletching
18:10 Bodkin Arrow
20:46 Wheelbarrow
24:51 Town Watch
25:18 Heavy Plow
Connection lost

Rejoining the realm…

Still unreachable

The connection could not be restored.

Session expired

The server has moved on; the page needs a fresh start.